 Dungeon Crawl Stone Soup version 0.22-a0-558-gc224181 (webtiles) character file.

49 FluffGlitter the Sneak (level 3, -6/27 HPs)
             Began as a Vampire Assassin on June 26, 2018.
             Killed from afar by Natasha (8 damage)
             ... with a magic dart
             ... on level 2 of the Dungeon.
             The game lasted 00:12:29 (2150 turns).

FluffGlitter the Sneak (Vampire Assassin)           Turns: 2150, Time: 00:12:30

Health: -6/27      AC:  3    Str: 10    XL:     3   Next: 53%
Magic:  3/3        EV: 12    Int: 13    God:
Gold:   102        SH:  0    Dex: 16    Spells: 2/2 levels left

rFire    . . .     SeeInvis +   a - +2 dagger
rCold    . . .     Gourm    .   (no shield)
rNeg     + . .     Faith    .   c - +0 robe
rPois    .         Spirit   .   (no helmet)
rElec    .         Reflect  .   d - +0 cloak
rCorr    .         Harm     .   (no gloves)
MR       .....                  (no boots)
Stlth    ++++......             (no amulet)
HPRegen  0.09/turn              (no ring)
MPRegen  0.08/turn              (no ring)

@: no status effects
A: fangs 3, see invisible, unbreathing
a: Bat Form


You were on level 2 of the Dungeon.
You were not thirsty.

You visited 1 branch of the dungeon, and saw 2 of its levels.

You collected 102 gold pieces.

Inventory:

Hand Weapons
 a - a +2 dagger (weapon)
 b - a +0 blowgun
 n - a cursed -3 short sword
 o - a +2 dagger of venom
 x - a +0 whip
Missiles
 e - 4 poisoned needles
 f - 2 curare-tipped needles
 s - 3 needles of confusion
 u - 16 stones (quivered)
Armour
 c - a +0 robe (worn)
 d - a +0 cloak (worn)
 h - a +0 hat
 t - a +0 leather armour
Jewellery
 v - an uncursed amulet of regeneration {unknown}
Scrolls
 j - a scroll of enchant armour {unknown}
 l - a scroll of identify {unknown}
 q - a scroll of remove curse {unknown}
 r - a scroll of noise {unknown}
 w - a scroll of teleportation {unknown}
Potions
 g - 11 potions of blood
 k - a potion of magic {unknown}
 m - a potion of flight {unknown}
 p - a potion of curing {unknown}
Comestibles
 i - 3 rations


   Skills:
 + Level 1.9 Fighting
 + Level 2.9 Short Blades
 + Level 1.8 Throwing
 + Level 1.4 Dodging
 + Level 7.0 Stealth


You had 2 spell levels left.
You didn't know any spells.
Your spell library was empty.

Dungeon Overview and Level Annotations

Branches:
Dungeon (2/15)

Altars:

Annotations:
D:2 Natasha


Innate Abilities, Weirdness & Mutations

You have razor-sharp teeth.
You have supernaturally acute eyesight. (SInv)
You can survive without breathing.


Message History

Natasha casts a spell at you. The magic dart hits you!
You hit Natasha.
Natasha is severely wounded.
Natasha barely misses you.
You hit Natasha.
Natasha is severely wounded.
Natasha claws you.
* * * LOW HITPOINT WARNING * * *
You fail to use your ability.
The crimson imp disappears in a puff of smoke!
Natasha claws you.
* * * LOW HITPOINT WARNING * * *
Natasha casts a spell at you. You resist with some effort.
Natasha casts a spell at you. You resist with some effort.
Natasha casts a spell at you. The magic dart hits you!
You die...

..(.(.ยง(..............#
...#.######...........# h..#.#
#...........# ####.##
#...........# # #...#
#...........# #
#.+.#####...........##
##...##.##....h.......#
#8...8#.##............####
##...##........@.........#######
#...##.##......................
##...##.##.##.###########.#####.
#8...8#.........................
##...########.############.###..
#...##8###8#.# #..##..
##............# ##.##..
#8.)..........# #..#..
##............# ##'#..


You could see Natasha.

Vanquished Creatures
  An adder (D:2)
  A worm (D:2)
  A dart slug (D:1)
  5 bats
  A giant cockroach (D:1)
  4 hobgoblins
  2 jackals (D:1)
  5 kobolds
  9 goblins
  3 rats (D:1)
32 creatures vanquished.

Notes
Turn   | Place    | Note
-------+----------+-------------------------------------------
     0 | D:1      | FluffGlitter the Vampire Assassin began the quest for the Orb.
     0 | D:1      | Reached XP level 1. HP: 16/16 MP: 1/1
    16 | D:1      | Reached skill level 6 in Stealth
    79 | D:1      | Reached XP level 2. HP: 22/22 MP: 2/2
   633 | D:1      | Reached XP level 3. HP: 27/27 MP: 3/3
  1131 | D:2      | Reached skill level 7 in Stealth
  2103 | D:2      | Noticed Natasha
  2150 | D:2      | Killed from afar by Natasha

Vault maps used:
D:1:      lightli_arrival_chessboard
D:2:      first_ration, serial_corexii_hall, corexii_hall_statues_s,
          corexii_hall_statues_l, uniq_natasha, uniq_robin

Skill      XL: |  1  2  3 |
---------------+----------+-----
Stealth        | 6 7 |  7.0
Fighting       | |  1.9
Short Blades   | |  2.9
Throwing       | |  1.8
Dodging        | |  1.4

Action                   || total
-------------------------++-------
Melee: Dagger            ||   107
       Bite              ||     9
 Fire: Blowgun           ||    18
Throw: Stone             ||    17
  Use: Potion            ||     3
 Stab: Sleeping          ||     7
  Eat: Corpse            ||     1
Armor: Robe              ||    21
Dodge: Dodged            ||    64

Table legend:
 A = Spawn XP
 B = Non-spawn XP
 C = Spawn XP percentage of total XP
 D = Spawn monster count
 E = Non-spawn monster count
 F = Spawn count percentage of total count
 G = Total turns spent on level
                    A         B        C        D         E        F      G
               +---------+---------+-------+---------+---------+-------+---------
         Total |       0 |      71 |   0.0 |       0 |      32 |   0.0 |  2150
               +---------+---------+-------+---------+---------+-------+---------
           D:1 |       0 |      44 |   0.0 |       0 |      24 |   0.0 |   845
           D:2 |       0 |      27 |   0.0 |       0 |       8 |   0.0 |  1305
               +---------+---------+-------+---------+---------+-------+---------
